 Dungeon Crawl Stone Soup version 0.24.0-13-gcf9b3192b9 (webtiles) character file.

Game seed: 4879814483297192997, levelgen mode: deterministic

132 DroneFragger the Shield-Bearer (level 5, -1/41 HPs)
             Began as a Formicid Fighter on Nov 8, 2019.
             Killed by divine providence
             ... invoked by an orc priest
              (13 damage)
             ... on level 3 of the Dungeon.
             The game lasted 00:03:11 (1843 turns).

DroneFragger the Shield-Bearer (Formicid Fighter)   Turns: 1843, Time: 00:03:12

Health: -1/41      AC:  8    Str: 21    XL:     5   Next: 38%
Magic:  5/5        EV:  8    Int:  8    God:
Gold:   75         SH:  9    Dex: 10    Spells: 4/4 levels left

rFire    . . .     SeeInvis +   a - +0 war axe
rCold    . . .     Gourm    .   c - +0 shield
rNeg     . . .     Faith    .   b - +0 scale mail
rPois    .         Spirit   .   (helmet unavailable)
rElec    .         Reflect  .   (no cloak)
rCorr    .         Harm     .   k - +0 pair of gloves
MR       .....                  (no boots)
Stlth    ..........             g - amulet of magic regeneration
HPRegen  0.13/turn              (no ring)
MPRegen  0.34/turn              (no ring)

@: no status effects
A: permanent stasis, dig shafts and tunnels, four strong arms, antennae 3
a: Dig, Shaft Self


You were on level 3 of the Dungeon.
You were not hungry.

You visited 1 branch of the dungeon, and saw 3 of its levels.

You collected 75 gold pieces.

Inventory:

Hand Weapons
 a - a +0 war axe (weapon)
 l - a +2 dagger of venom
Missiles
 q - 34 poisoned darts (quivered)
Armour
 b - a +0 scale mail (worn)
 c - a +0 shield (worn)
 k - a +0 pair of gloves (worn)
Jewellery
 g - an amulet of magic regeneration (around neck)
Scrolls
 h - 2 scrolls of amnesia {unknown}
 j - 2 scrolls of teleportation {unknown}
 m - a scroll of fear {unknown}
 n - 2 scrolls of enchant weapon {unknown}
 r - 2 scrolls of blinking {unknown}
 s - 2 scrolls of identify {unknown}
 u - a scroll of remove curse {unknown}
Potions
 d - a potion of might
 e - 3 potions of heal wounds {unknown}
 i - a potion of lignification {unknown}
 o - a potion of ambrosia {unknown}
 p - a potion of cancellation {unknown}
 v - a potion of curing {unknown}
Comestibles
 f - 9 rations
 t - 9 chunks of flesh


   Skills:
 - Level 3.2 Fighting
 * Level 3.9 Axes
 + Level 4.1 Armour
 + Level 4.6 Shields


You had 4 spell levels left.
You didn't know any spells.
Your spell library was empty.

Dungeon Overview and Level Annotations

Branches:
Dungeon (3/15)

Altars:
Makhleb


Innate Abilities, Weirdness & Mutations

You cannot be hasted, slowed, berserked, paralysed or teleported.
You can dig through walls and to a lower floor.
Your four strong arms can wield two-handed weapons with a shield.
You have a pair of large antennae on your head. (SInv)


Message History

The orc shouts! x2
An orc comes into view.
The worm moves out of view.
Items here: $ ) ? [ † a +0 falchion; a +0 scale mail; a scroll labeled EHEECKUIMUITT; 12 gold pieces an orc corpse You hit the orc but do no damage.
The orc hits you with a +1 hand axe of electrocution.
You are electrocuted!
You hit the orc.
The orc is heavily wounded.
The orc hits you but does no damage.
You are electrocuted!
* * * LOW HITPOINT WARNING * * *
The orc barely misses you.
You closely miss the orc.
The orc is heavily wounded.
You block the orc's attack.
The orc priest calls down the wrath of Beogh upon you.
Beogh smites you!
You die...

#..# ######.#. #.## #<[#
#........ #..# #..# #.####.#.
#..# #..# #.####.#. #.^.. ..#
#..# #........ #....
..###..###........ ....
#?##>.....(....... ...
#.##.............. o{
#@##_#.####....... ## #.
#.##)#............
#...#.#######o#.).#####.......
#...o{..{.ob..#)............
#...#.######o.#...############
## ... #).##### ###.........#
###########


You could see an orc priest, 2 orcs and a bat.

Vanquished Creatures
  A bullfrog zombie (D:3)
  3 adders (D:2)
  An adder skeleton (D:2)
  A worm (D:2)
  A dart slug (D:1)
  A leopard gecko (D:2)
  10 orcs (D:3)
  10 goblins
  7 hobgoblins
  A ball python (D:2)
  6 bats (D:2)
  A frilled lizard (D:3)
  3 kobolds
  10 rats
56 creatures vanquished.

Notes
Turn   | Place    | Note
-------+----------+-------------------------------------------
     0 | D:1      | DroneFragger the Formicid Fighter began the quest for the
                  | Orb.
     0 | D:1      | Reached XP level 1. HP: 18/18 MP: 1/1
   125 | D:1      | Reached XP level 2. HP: 24/24 MP: 2/2
   652 | D:2      | Reached XP level 3. HP: 29/29 MP: 3/3
   935 | D:2      | Reached XP level 4. HP: 24/35 MP: 4/4
  1495 | D:3      | Found a burning altar of Makhleb.
  1549 | D:3      | Reached XP level 5. HP: 33/41 MP: 5/5
  1843 | D:3      | Killed from afar by an orc priest

Levels and vault maps discovered:
D:1:      dpeg_arrival_another_circle, layout_basic
D:2:      layout_loops_ring, kennysheep_generic_room_8
D:3:      layout_loops_ring, overflow_temple_1_default,
          gammafunk_temple_overflow_elements, first_ration

Skill      XL: |  1  2  3  4 |
---------------+-------------+-----
Shields        | 4 |  4.6
Axes           | 3 |  3.9
Armour         | 4 |  4.1
Fighting       | |  3.2

Action                   |  1- 3 |  4- 6 || total
-------------------------+-------+-------++-------
Melee: War axe           |    80 |    80 ||   160
  Eat: Chunk             |       |     3 ||     3
Armor: Scale mail        |    39 |    32 ||    71
Dodge: Dodged            |    24 |    22 ||    46
Block: Shield            |    53 |    37 ||    90
